 Dungeon Crawl Stone Soup version 0.26-a0-712-ga5a9c9c9d0 (webtiles) character file.

Game seed: 4294618105305204323

72 kae the Ruffian (level 4, 0/38 HPs)
             Began as a Naga Transmuter on Nov 2, 2020.
             Succumbed to an adder's poison
             ... on level 1 of the Dungeon.
             The game lasted 00:01:30 (1894 turns).

kae the Ruffian (Naga Transmuter)                   Turns: 1894, Time: 00:01:31

Health: 0/38       AC:  2    Str: 13    XL:     4   Next: 26%
Magic:  4/7        EV: 19    Int: 13    God:
Gold:   62         SH:  0    Dex: 17    Spells: 3/7 levels left

rFire    . . .     SeeInvis +     - Unarmed
rCold    . . .     Faith    .   (shield currently unavailable)
rNeg     . . .     Spirit   .   (armour currently unavailable)
rPois    x         Reflect  .   (helmet currently unavailable)
rElec    .         Harm     .   (cloak currently unavailable)
rCorr    .         Rampage  .   (gloves currently unavailable)
MR       .....                  (no barding)
Stlth    ++........             (no amulet)
HPRegen  0.12/turn              (no ring)
MPRegen  0.10/turn              (no ring)

@: mighty, lethally poisoned (0 -> -7), spider-form (expiring)
A: tiny, see invisible, spit poison 1, AC +1
a: Spit Poison, End Transformation


You were on level 1 of the Dungeon.
You were a venomous arachnid creature.
You visited 1 branch of the dungeon, and saw 2 of its levels.

You collected 62 gold pieces.

Inventory:

Armour
 a - a +0 robe (melded)
Jewellery
 b - an uncursed ring of fire {unknown}
 g - an uncursed amulet of faith {unknown}
Scrolls
 e - a scroll of teleportation {unknown}
 f - 2 scrolls of identify {unknown}
 h - 2 scrolls of amnesia {unknown}
 i - a scroll of random uselessness {unknown}
Potions
 j - a potion of stabbing {unknown}


   Skills:
 - Level 1.0 Fighting
 - Level 1.5 Dodging
 + Level 3.6 Unarmed Combat
 - Level 2.0 Spellcasting
 * Level 3.6 Transmutations
 * Level 1.3 Poison Magic


You had 3 spell levels left.
You knew the following spells:

 Your Spells              Type           Power        Failure   Level
a - Beastly Appendage     Tmut           ##....       17%         1
b - Spider Form           Tmut/Pois      #.........   50%         3

Your spell library contained the following spells:

 Spells                   Type           Power        Failure   Level
 Wereblood                Tmut           ##......     22%         2
 Ice Form                 Ice/Tmut       #.......     90%         4
 Blade Hands              Tmut           ##........   95%         5


Dungeon Overview and Level Annotations

Branches:
Dungeon (2/15)

Altars:


Innate Abilities, Weirdness & Mutations

You cannot wear boots.
((Your serpentine skin is tough. (AC +1)))
You have supernaturally acute eyesight. (SInv)
((Armour fits poorly on your strangely shaped body.))
((Your system is resistant to poisons. (rPois)))
((You cover ground very slowly.))
You can spit poison.


Message History

The adder is heavily wounded.
The adder misses you. The hobgoblin barely misses you.
You closely miss the adder.
The adder is heavily wounded.
The adder bites you.
* * * LOW HITPOINT WARNING * * *
You are lethally poisoned!
The adder poisons you! The hobgoblin barely misses you.
You hit the adder.
The adder is poisoned.
The adder is almost dead.
* * * LOW HITPOINT WARNING * * *
You feel sick.
You kill the adder!
You hit the hobgoblin.
You kill the hobgoblin!
* * * LOW HITPOINT WARNING * * *
You feel sick.
It was a potion of might.
You feel very mighty all of a sudden.
Your transformation is almost over.
You die...

.......).)...#...........#
.............#...........#
.........................#
###.........#.##.#########
#...........#..#.#
#...........##.#.#########
.........................#
..#.........###..#######.#
..#.........#...s)..# #.#
............#.......# #.#
...###....#.#.......# #.#
...#
#....#.#.......####.###
...#
#.....................#
...#
#....#.#.......####.###
...# #...........#### #.#
...# #......###### #.#
...# #.....## #.#


There were no monsters in sight!

Vanquished Creatures
  2 adders
  An ooze (D:1)
  3 dart slugs
  A leopard gecko (D:1)
  A ball python (D:1)
  2 giant cockroaches (D:1)
  5 goblins
  7 hobgoblins (D:1)
  4 jackals (D:1)
  4 kobolds
  2 bats (D:1)
  3 frilled lizards (D:1)
  6 rats
41 creatures vanquished.

Notes
Turn   | Place    | Note
-------+----------+-------------------------------------------
     0 | D:1      | kae the Naga Transmuter began the quest for the Orb.
     0 | D:1      | Reached XP level 1. HP: 18/18 MP: 3/3
   139 | D:1      | Reached XP level 2. HP: 13/25 MP: 3/5
  1021 | D:1      | Reached XP level 3. HP: 27/31 MP: 4/6
  1028 | D:1      | Learned a level 3 spell: Spider Form
  1779 | D:2      | Reached skill level 1 in Poison Magic
  1779 | D:2      | Reached XP level 4. HP: 28/38 MP: 5/7
  1893 | D:1      | HP: 1/38 [poisoned by an adder]
  1894 | D:1      | Succumbed to an adder's poison

Illustrated notes

Levels and vault maps discovered:
D:1:      nzn_arrival_settlement, layout_basic, kennysheep_flooded_box,
          minmay_domino_2
D:2:      layout_basic, chequers_ecumenical_altar_twisty

Skill      XL: |  1  2  3 |
---------------+----------+-----
Transmutations | 3 |  3.6
Poison Magic   | 1 |  1.3
Fighting       | |  1.0
Dodging        | |  1.5
Unarmed Combat | |  3.6
Spellcasting   | |  2.0

Action                   |  1- 3 |  4- 6 || total
-------------------------+-------+-------++-------
Melee: Unarmed           |    93 |    13 ||   106
       Headbutt          |    11 |       ||    11
       Punch             |     2 |       ||     2
 Cast: Beastly Appendage |    22 |     1 ||    23
       Spider Form       |       |     1 ||     1
 Abil: Spit Poison       |    18 |     1 ||    19
  Use: Potion            |       |     2 ||     2
Armor: Robe              |     8 |     3 ||    11
       Skin              |       |     1 ||     1
Dodge: Dodged            |    58 |    12 ||    70

Table legend: (Time is in decaauts)
 A = Elapsed time spent in this place.
 B = Non-inter-level travel time spent in this place.
 C = Inter-level travel time spent in this place.
 D = Time resting spent in this place.
 E = Time spent auto-exploring this place.
 F = Levels seen in this place.
 G = Mean time per level.
                   A        B        C        D        E       F      G
               +--------+--------+--------+--------+--------+-----+--------+
         Total |   2156 |   2118 |     38 |      3 |   1808 |   2 | 1078.0 |
       Dungeon |   2156 |   2118 |     38 |      3 |   1808 |   2 | 1078.0 |
               +--------+--------+--------+--------+--------+-----+--------+

Top non-repeatable levels by time:
     D:1: 1775 daAuts
     D:2: 381 daAuts
